 Dungeon Crawl Stone Soup version 0.23-a0-435-g79ed067 (webtiles) character file.

1681 lemonriz the Slasher (level 8, -2/63 HPs)
             Began as a Demonspawn Chaos Knight on Nov 15, 2018.
             Was a Plaything of Xom.
             Killed from afar by Harold (15 damage)
             ... with a harpoon shot
             ... on level 7 of the Dungeon.
             The game lasted 00:12:37 (6219 turns).

lemonriz the Slasher (Demonspawn Chaos Knight)      Turns: 6219, Time: 00:12:38

Health: -2/63      AC:  7    Str: 14    XL:     8   Next: 71%
Magic:  9/9        EV: 13    Int: 21    God:    Xom [...*..]
Gold:   214        SH:  8    Dex: 14    Spells: 8/9 levels left

rFire    . . .     SeeInvis .   m - +10 flail "Jytujit" {drain, rPois Int+4}
rCold    . . .     Gourm    .   v - +0 buckler
rNeg     . . .     Faith    .   b - +2 leather armour
rPois    +         Spirit   .   (helmet restricted)
rElec    .         Reflect  .   (no cloak)
rCorr    .         Harm     .   o - +0 pair of gloves
MR       .....                  e - +0 pair of boots
Stlth    +.........             (no amulet)
HPRegen  0.20/turn              (no ring)
MPRegen  0.11/turn              (no ring)

@: marked
A: antennae 1, large bone plates 1, agile 1, blurry vision 1, clever 1, demonic
guardian 1, sense surroundings 1, spiny 2, evolution 1
a: Renounce Religion


You were on level 7 of the Dungeon.
You worshipped Xom.
You were a favourite toy of Xom.
You were not hungry.

You visited 1 branch of the dungeon, and saw 7 of its levels.
You also visited: Sewer.

You collected 214 gold pieces.

Inventory:

Hand Weapons
 a - a +0 falchion of chaos
 m - the +10 flail "Jytujit" (weapon) {drain, rPois Int+4}
   (You found it on level 6 of the Dungeon)

   A truly terrible weapon, it drains the life of those it strikes.
   It affects your intelligence (+4).
   It protects you from poison.
Armour
 b - a +2 leather armour (worn)
 e - a +0 pair of boots (worn)
 o - a +0 pair of gloves (worn)
 v - a +0 buckler (worn)
Wands
 l - a wand of random effects (9)
Scrolls
 d - 2 scrolls of remove curse
 i - 2 scrolls of teleportation
 k - 2 scrolls of blinking
 n - 3 scrolls of immolation
 p - 3 scrolls of enchant weapon
 r - 2 scrolls of magic mapping
 s - a scroll of identify
 w - 2 scrolls of amnesia
Potions
 f - a potion of flight {unknown}
 g - a potion of cancellation
 h - 2 potions of might
 j - a potion of curing
 q - a potion of haste
 t - a potion of ambrosia
 u - a potion of heal wounds
Comestibles
 c - 9 rations


   Skills:
 + Level 5.5 Fighting
 * Level 6.8 Long Blades
 + Level 4.3 Armour
 + Level 3.9 Dodging
 + Level 2.4 Shields
 - Level 1.0 Spellcasting
 - Level 2.0 Hexes


You had 8 spell levels left.
You knew the following spells:

 Your Spells              Type           Power        Failure   Level  Hunger
a - Confusing Touch       Hex            #.....       11%         1    ##.....

Your spell library contained the following spells:

 Spells                   Type           Power        Failure   Level  Hunger
 Corona                   Hex            #......      11%         1    ##.....
 Ensorcelled Hibernation  Hex/Ice        #.....       24%         2    ###....
 Confuse                  Hex            #.......     32%         3    ####...
 Tukima's Dance           Hex            #.......     32%         3    ####...
 Dazzling Spray           Conj/Hex       #.....       43%         3    ####...
 Gell's Gravitas          Tloc           #.........   58%         3    ####...
 Petrify                  Tmut/Erth      #.......     94%         4    #####..
 Metabolic Englaciation   Hex/Ice        #.........   99%         5    ######.
 Yara's Violent Unravell  Hex/Tmut       #.........   99%         5    ######.


Dungeon Overview and Level Annotations

Branches:
Dungeon (7/15)             Temple (0/1) D:4

Altars:
Okawaru

Annotations:
D:7 Harold


Innate Abilities, Weirdness & Mutations

You have a pair of small antennae on your head.
You are partially covered in large bone plates. (SH +4)
A weak demonic guardian rushes to your aid.
You are mostly covered in sharp spines.
You are agile. (Dex +2)
Scrolls take you a little longer to read.
Your mind is acute. (Int +2)
You passively map a small area around you.
You evolve.


Message History

The harpoon shot misses you.
Evoke which item? (* to show all) (? for menu, Esc to quit)
Aiming: Random Effects
Press: ? - help, Shift-Dir - straight line Nothing appears to happen.
A throwing net appears from out of thin air!
You block the throwing net.
Evoke which item? (* to show all) (? for menu, Esc to quit)
Aiming: Random Effects
Press: ? - help, Shift-Dir - straight line Nothing appears to happen.
The mark upon you grows brighter.
Evoke which item? (* to show all) (? for menu, Esc to quit)
Aiming: Random Effects
Press: ? - help, Shift-Dir - straight line The puff of frost hits something.
The mark upon you grows brighter.
A harpoon shot appears from out of thin air!
The harpoon shot hits you!
You die... "Boring in life, boring in death..."

### ** ### #.# * * #######.#
#.. ........#
######.###################.###
#............@................
#.####(###################.###
* #.#, #<# #.# , , ,+,* * ###*
* #.# , ,, ,, ,, , *, #.# , ,
,* * * , #.#, , ,* * * * #.# ,
,, , , ** * #.#,,, ,, , ,


There were no monsters in sight!

Vanquished Creatures
  A phantom (D:6)
  A sky beast (D:5)
  A centaur (D:6)
  A bullfrog (D:2)
  A water moccasin zombie (D:6)
  3 scorpions
  A crimson imp (D:6)
  2 hounds
  A centaur skeleton (D:6)
  3 orc priests
  An iguana (D:5)
  Terence (D:3)
  An orc wizard (D:4)
  Natasha (thrice) (D:2 D:3)
  A worker ant (D:6)
  A hound skeleton (D:4)
  A howler monkey zombie (D:6)
  4 gnolls
  A worker ant zombie (D:6)
  10 adders
  A river rat (Sewer)
  An ooze (D:3)
  An adder skeleton (D:6)
  An adder zombie (D:5)
  5 worms
  A leopard gecko (D:3)
  16 orcs
  6 giant cockroaches
  4 hobgoblins
  9 jackals
  5 ball pythons
  4 bats
  12 frilled lizards
  8 goblins
  A jackal zombie (D:5)
  6 kobolds
  2 quokka skeletons (D:4)
  10 rats
132 creatures vanquished.

Vanquished Creatures (collateral kills)
  Prince Ribbit (D:5)
  Eustachio (D:5)
  A hungry ghost (D:7)
  A black bear (D:6)
  2 orc priests
  3 orc wizards
  A goblin (D:3)
  A hobgoblin (D:3)
  3 plants (D:3)
14 creatures vanquished.

Vanquished Creatures (others)
  A giant cockroach (D:6)
1 creature vanquished.

Grand Total: 147 creatures vanquished

Notes
Turn   | Place    | Note
-------+----------+-------------------------------------------
     0 | D:1      | lemonriz the Demonspawn Chaos Knight began the quest for
                  | the Orb.
     0 | D:1      | Reached XP level 1. HP: 18/18 MP: 1/1
   336 | D:1      | XOM: silly message
   572 | D:1      | Reached skill level 3 in Long Blades
   575 | D:1      | Gained mutation: You are partially covered in sharp spines.
                  | [demonic ancestry]
   575 | D:1      | Reached XP level 2. HP: 12/24 MP: 2/2
   764 | D:2      | Learned a level 1 spell: Confusing Touch
   811 | D:2      | XOM: potion effect (curing)
   818 | D:2      | Gained mutation: You are mostly covered in sharp spines.
                  | [demonic ancestry]
   818 | D:2      | Reached XP level 3. HP: 21/29 MP: 3/3
   825 | D:2      | XOM: divination: magic mapping
   933 | D:2      | Found an iron altar of Okawaru.
  1135 | D:2      | XOM: divination: magic mapping
  1273 | D:2      | Noticed Natasha
  1286 | D:2      | Killed Natasha
  1286 | D:2      | Reached skill level 1 in Dodging
  1353 | D:2      | Reached XP level 4. HP: 32/36 MP: 4/4
  1358 | D:2      | Noticed a bullfrog
  1358 | D:2      | a gnoll changed into a bullfrog
  1360 | D:2      | Killed a bullfrog
  1360 | D:2      | Reached skill level 4 in Long Blades
  1363 | D:2      | Gained mutation: You have a pair of small antennae on your
                  | head. [demonic ancestry]
  1363 | D:2      | Reached XP level 5. HP: 6/42 MP: 3/5
  1368 | D:2      | XOM: divination: detect items
  1675 | D:3      | Noticed Natasha
  1683 | D:3      | Killed Natasha
  1703 | D:3      | Noticed Natasha
  1713 | D:3      | Killed Natasha
  1713 | D:3      | Reached skill level 1 in Spellcasting
  1713 | D:3      | Reached skill level 1 in Hexes
  1868 | D:3      | XOM: harmless Ice miscast
  1989 | D:3      | XOM: polymorph gnoll -> jackal
  1994 | D:3      | XOM: enchant monster (good)
  2144 | D:3      | XOM: potion effect (agility)
  2153 | D:3      | Reached XP level 6. HP: 30/48 MP: 7/7
  2155 | D:3      | XOM: noise
  2174 | D:3      | XOM: enchant monster (good)
  2256 | D:3      | XOM: fog
  2287 | D:3      | XOM: give mutations
  2287 | D:3      | Gained mutation: You evolve. [Xom's grace]
  2287 | D:3      | Gained mutation: You rapidly evolve. [Xom's grace]
  2287 | D:3      | Gained mutation: Your mind is acute. (Int +2) [Xom's grace]
  2490 | D:3      | Gained mutation: Scrolls take you a little longer to read.
                  | [evolution]
  2587 | D:3      | Noticed Terence
  2594 | D:3      | XOM: smoke on damage
  2601 | D:3      | Killed Terence
  2757 | D:3      | XOM: mild Conj miscast
  2887 | D:4      | Found a staircase to the Ecumenical Temple.
  2918 | D:4      | Found a glowing drain.
  2971 | Sewer    | Entered a sewer
  3253 | Sewer    | Reached skill level 5 in Long Blades
  3258 | Sewer    | Gained mutation: A weak demonic guardian rushes to your
                  | aid. [demonic ancestry]
  3258 | Sewer    | Reached XP level 7. HP: 54/55 MP: 8/8
  3745 | D:5      | Entered Level 5 of the Dungeon
  3774 | D:5      | Noticed Prince Ribbit
  3785 | D:5      | XOM: smoke on damage
  3786 | D:5      | Killed Prince Ribbit
  3816 | D:5      | XOM: mild Tloc miscast
  3988 | D:5      | XOM: give mutation
  3988 | D:5      | Gained mutation: Your body sometimes deteriorates upon
                  | taking damage. [Xom's mischief]
  4114 | D:5      | XOM: 1-stop teleportation journey
  4164 | D:5      | Noticed Eustachio
  4168 | D:5      | XOM: fog
  4184 | D:5      | Killed Eustachio
  4199 | D:5      | XOM: summons friendly ufetubus
  4450 | D:5      | Reached skill level 1 in Shields
  4469 | D:5      | Gained mutation: You are agile. (Dex +2) [evolution]
  4469 | D:5      | Lost mutation: You rapidly evolve. [decline of evolution]
  4653 | D:5      | Reached skill level 5 in Fighting
  4653 | D:5      | Gained mutation: You are partially covered in large bone
                  | plates. (SH +4) [demonic ancestry]
  4653 | D:5      | Reached XP level 8. HP: 35/62 MP: 9/9
  5017 | D:6      | Reached skill level 6 in Long Blades
  5132 | D:6      | XOM: summons 3 hostile demons
  5148 | D:6      | XOM: stat loss: -1 Dex (12/14)
  5214 | D:5      | XOM: torment (15/62 hp)
  5547 | D:6      | XOM: blink monster(s)
  5552 | D:6      | XOM: blink monster(s)
  5564 | D:6      | XOM: summons friendly white imp
  5608 | D:6      | HP: 1/62 [something (8)]
  5946 | D:6      | Got an iridescent flail
  5947 | D:6      | Identified the +10 flail "Jytujit" {drain, rPois Int+4}
                  | (You found it on level 6 of the Dungeon)
  6012 | D:6      | XOM: harmless Ice miscast
  6124 | D:6      | XOM: give mutations
  6124 | D:6      | Gained mutation: You passively map a small area around you.
                  | [Xom's mischief]
  6124 | D:6      | Lost mutation: Your body sometimes deteriorates upon taking
                  | damage. [Xom's mischief]
  6165 | D:7      | XOM: swap monsters
  6196 | D:7      | Noticed Harold
  6204 | D:7      | XOM: confuse monster(s)
  6208 | D:7      | XOM: enchant monster (good)
  6219 | D:7      | Killed from afar by Harold

Vault maps used:
D:1:      nicolae_arrival_somewhat_less_tricky_arrival
D:2:      okawaru_metal_pillars_1_2, first_ration, uniq_natasha
D:3:      serial_bayou, serial_bayou_pond_c, serial_bayou_lagoon_a,
          serial_bayou_pond_b, serial_bayou_pond_b, serial_bayou_shore_b,
          serial_bayou_pond_c, uniq_terence
D:4:      minmay_temple_entry_butterflies, cheibrodos_sewer_entry_drain
D:5:      uniq_prince_ribbit1, uniq_eustachio
D:7:      basic_altar, uniq_harold
Sewer:    sewer_co_cracked_pipes

Skill      XL: |  1  2  3  4  5  6  7  8 |
---------------+-------------------------+-----
Long Blades    | 3 4 5 6 |  6.8
Armour         | 2 3 4 |  4.3
Dodging        | 1 2 3 |  3.9
Spellcasting   | 1 |  1.0
Hexes          | 1 2 |  2.0
Fighting       | 4 5 |  5.5
Shields        | 1 2 |  2.4

Action                   |  1- 3 |  4- 6 |  7- 9 || total
-------------------------+-------+-------+-------++-------
Melee: Falchion          |    60 |   135 |   149 ||   344
       Flail             |       |       |    19 ||    19
 Cast: Confusing Touch   |       |     1 |       ||     1
Evoke: Wand              |       |       |     5 ||     5
  Use: Potion            |     1 |       |     7 ||     8
       Scroll            |       |     3 |     8 ||    11
 Stab: Confused          |       |     1 |       ||     1
       Paralysed         |       |     5 |     1 ||     6
  Eat: Chunk             |       |     5 |     5 ||    10
       Ration            |       |     1 |     2 ||     3
Armor: Leather armour    |    26 |    44 |    44 ||   114
Dodge: Dodged            |    27 |    69 |    55 ||   151
Block: Buckler           |       |       |    32 ||    32
       Rpst.: Falchion   |    10 |    20 |    11 ||    41

Table legend:
 A = Non-vault XP
 B = Vault XP
 C = Vault XP percentage of total XP
 D = Non-vault monster count
 E = Vault monster count
 F = Vault count percentage of total count
                 A         B        C        D         E       F
            +---------+---------+-------+---------+---------+-------
      Total |    1902 |     500 |  20.8 |     110 |      34 |  23.6
            +---------+---------+-------+---------+---------+-------
        D:1 |      12 |       0 |   0.0 |       7 |       0 |   0.0
        D:2 |     150 |      36 |  19.4 |      17 |       1 |   5.6
        D:3 |     277 |      52 |  15.8 |      35 |       8 |  18.6
        D:4 |     203 |       8 |   3.8 |      20 |       3 |  13.0
        D:5 |     468 |     347 |  42.6 |      16 |       2 |  11.1
        D:6 |     576 |       0 |   0.0 |      13 |       0 |   0.0
        D:7 |     216 |       0 |   0.0 |       2 |       0 |   0.0
      Sewer |       0 |      57 | 100.0 |       0 |      20 | 100.0
            +---------+---------+-------+---------+---------+-------
